 Dungeon Sprint DCSS version 0.22.1-2-g9c5b331383 (webtiles) character file.

257 Groucho the Unseen (level 5, -8/40 HPs)
             Began as a Felid Berserker on Nov 13, 2018.
             Was an Elder of Trog.
             Mangled by a tyrant leech (14 damage)
             ... in the Dungeon (Sprint IX: "|||||||||||||||||||||||||||||").
             The game lasted 00:02:07 (477 turns).

Groucho the Unseen (Felid Berserker)                 Turns: 477, Time: 00:02:09

Health: -8/40      AC:  2    Str: 18    XL:     5   Next: 93%
Magic:  6/6        EV: 26    Int:  8    God:    Trog [****..]
Gold:   0          SH:  0    Dex: 24    Spells: 4/4 levels left
                                        Lives:  0   Deaths: 1

rFire    . . .     SeeInvis +     - Unarmed
rCold    . . .     Gourm    .   (shield unavailable)
rNeg     . . .     Faith    .   (armour unavailable)
rPois    .         Spirit   .   (helmet unavailable)
rElec    .         Reflect  .   (cloak unavailable)
rCorr    .         Harm     .   (gloves unavailable)
MR       ++...     NoTele   +   (boots unavailable)
Stlth    ..........             (no amulet)
HPRegen  1.13/turn              k - +3 ring of dexterity
MPRegen  0.10/turn              l - +3 ring of dexterity

@: berserking, regenerating, very quick
A: very small, no armour, no weapons or thrown items, stealth, claws 1, fangs 3,
see invisible, carnivore, speed 1, shaggy fur 2, slow metabolism 1, sharp paws
a: Berserk, Trog's Hand, Brothers in Arms, Renounce Religion


You were in the Dungeon.
You worshipped Trog.
Trog was greatly pleased with you.
You were not hungry.

You visited 1 branch

Inventory:

Jewellery
 k - a +3 ring of dexterity (left paw)
 l - a +3 ring of dexterity (right paw)
Wands
 j - a wand of iceblast (10)
Scrolls
 g - 2 scrolls of blinking
 i - 3 scrolls of remove curse
Potions
 b - a potion of invisibility
 c - 2 potions of heal wounds
 d - a potion of haste
 e - 4 potions of magic
 f - a potion of berserk rage
 h - 4 potions of curing
Comestibles
 a - 11 rations


   Skills:
 + Level 5.9 Fighting
 + Level 7.8 Dodging
 + Level 15.7 Stealth
 + Level 5.9 Unarmed Combat


You had 4 spell levels left.
You didn't know any spells.
Your spell library was empty.

Dungeon Overview and Level Annotations

Branches:
Dungeon (1/1)

Altars:
Cheibriados
Dithmenos
Elyvilon
Fedhas
Gozag
Hepliaklqana
Kikubaaqudgha
Makhleb
Nemelex Xobeh
Okawaru
Qazlal
Ru
Sif Muna
Trog
Uskayaw
Vehumet
Wu Jian
Xom
Yredelemnul
Zin
The Shining One
Beogh
Jiyva
Lugonu


Innate Abilities, Weirdness & Mutations

You cannot wear armour.
You are incapable of wielding weapons or throwing items.
Your paws allow you to move quietly. (Stealth)
You have sharp claws.
You have razor-sharp teeth.
You have supernaturally acute eyesight. (SInv)
You are carnivorous and can eat meat at any time.
You cover ground quickly.
You are covered in thick fur. (AC +2)
You have a slow metabolism.
Your sharp claws are effective at attacking unaware monsters.


Message History

You feel yourself moving faster!
You feel mighty!
You feel a lot more hungry. The tyrant leech bites you!!
Ouch! That really hurt!
* * * LOW HITPOINT WARNING * * *
The tyrant leech draws strength from your injuries!
You are too injured to fight recklessly!
You are too injured to fight recklessly!
You are too injured to fight recklessly!
You are too injured to fight recklessly!
Unknown command.
You miss the tyrant leech. You claw the tyrant leech!
Your bite misses the tyrant leech.
The tyrant leech is lightly wounded.
The tyrant leech closely misses you.
You closely miss the tyrant leech. Your bite misses the tyrant leech.
The tyrant leech is lightly wounded.
You claw the tyrant leech!
The tyrant leech is moderately wounded.
The tyrant leech bites you!
You die...

▓▓▓▓▓▓▓▓▓▓▓▓▓▓▓▓▓▓▓▓▓▓
+..ohl5†..[[[)|?.'____
▓▓▓▓▓▓▓▓▓▓▓▓▓▓▓▓▓▓▓▓▓▓
▓▓▓▓▓▓▓▓▓▓▓▓▓▓▓▓▓▓▓▓▓▓▓▓
▓....'..[[[[..'@wyFwwF..
▓.▓▓▓▓▓▓▓▓▓▓▓▓▓▓▓▓▓▓▓▓▓▓


You could see 3 tyrant leeches, a spiny frog, a vampire mosquito and a bullfrog.

Vanquished Creatures
  A hornet (D)
  A hungry ghost (D)
  A necrophage (D)
  A crimson imp (D)
  A hound (D)
  An adder (D)
  An ooze (D)
  A worm (D)
  A leopard gecko (D)
  A hobgoblin (D)
  2 rats (D)
12 creatures vanquished.

Notes
Turn   | Place    | Note
-------+----------+-------------------------------------------
     0 | D        | Groucho the Felid Berserker began the quest for the Orb.
     0 | D        | Reached XP level 1. HP: 10/10 MP: 2/2
     5 | D        | Reached skill level 2 in Stealth
     6 | D        | Reached skill level 3 in Stealth
     7 | D        | Reached ** piety under Trog
    11 | D        | Reached skill level 4 in Stealth
    15 | D        | Reached skill level 5 in Stealth
    15 | D        | Reached XP level 2. HP: 13/14 MP: 3/3
    36 | D        | Noticed a necrophage
    36 | D        | Noticed a crimson imp
    47 | D        | Killed a necrophage
    47 | D        | Reached skill level 12 in Stealth
    47 | D        | Reached XP level 3. HP: 11/17 MP: 4/4
    47 | D        | Reached XP level 4. HP: 13/21 MP: 5/5
    49 | D        | Reached *** piety under Trog
    53 | D        | Reached skill level 13 in Stealth
   118 | D        | Reached skill level 14 in Stealth
   118 | D        | Reached XP level 5. HP: 24/24 MP: 6/6
   371 | D        | Found a roughly hewn altar of Beogh.
   371 | D        | Found a snail-covered altar of Cheibriados.
   371 | D        | Found a shadowy altar of Dithmenos.
   371 | D        | Found a white marble altar of Elyvilon.
   371 | D        | Found a blossoming altar of Fedhas.
   371 | D        | Found an opulent altar of Gozag.
   372 | D        | Found a hazy altar of Hepliaklqana.
   373 | D        | Found a viscous altar of Jiyva.
   374 | D        | Found an ancient bone altar of Kikubaaqudgha.
   375 | D        | Found a corrupted altar of Lugonu.
   376 | D        | Found a burning altar of Makhleb.
   377 | D        | Found a sparkling altar of Nemelex Xobeh.
   378 | D        | Found an iron altar of Okawaru.
   379 | D        | Found a stormy altar of Qazlal.
   380 | D        | Found a sacrificial altar of Ru.
   381 | D        | Found a deep blue altar of Sif Muna.
   382 | D        | Found a bloodstained altar of Trog.
   383 | D        | Found a hide-covered altar of Uskayaw.
   384 | D        | Found a radiant altar of Vehumet.
   385 | D        | Found an ornate altar of the Wu Jian Council.
   386 | D        | Found a shimmering altar of Xom.
   387 | D        | Found a basalt altar of Yredelemnul.
   388 | D        | Found a glowing silver altar of Zin.
   389 | D        | Found a glowing golden altar of the Shining One.
   424 | D        | Noticed a hornet
   424 | D        | Noticed a hungry ghost
   429 | D        | Killed a hungry ghost
   429 | D        | Reached **** piety under Trog
   429 | D        | Reached skill level 15 in Stealth
   429 | D        | Gained mutation: You are covered in thick fur. (AC +2)
                  | [Felid growth]
   429 | D        | Reached XP level 6. HP: 29/29 MP: 7/7
   434 | D        | Paralysed by a hornet for 1 turns
   436 | D        | Killed a hornet
   436 | D        | Reached skill level 5 in Fighting
   436 | D        | Reached skill level 5 in Unarmed Combat
   439 | D        | HP: 2/46 [poisoned by a hornet]
   439 | D        | Slain by a quasit
   440 | D        | Reached XP level 5. HP: 0/40 MP: 6/6
   463 | D        | Noticed a tyrant leech
   463 | D        | Noticed a vampire mosquito
   463 | D        | Noticed a spiny frog
   466 | D        | Noticed a tyrant leech
   468 | D        | Noticed a tyrant leech
   477 | D        | Mangled by a tyrant leech

Skill      XL: |  1  2  3  4  5  6 |
---------------+-------------------+-----
Stealth        | 5 12 14 15 | 15.7
Fighting       | 4 5 |  5.9
Dodging        | 6 7 |  7.8
Unarmed Combat | 4 5 |  5.9

Action                   |  1- 3 |  4- 6 || total
-------------------------+-------+-------++-------
Melee: Unarmed           |    21 |    66 ||    87
       Bite              |     5 |     8 ||    13
       Punch             |       |     1 ||     1
Invok: Berserk           |     1 |     3 ||     4
       Trog's Hand       |       |     2 ||     2
  Use: Potion            |       |     2 ||     2
 Stab: Distracted        |       |     1 ||     1
  Eat: Chunk             |     3 |       ||     3
Armor: Skin              |       |     5 ||     5
Dodge: Dodged            |    14 |    51 ||    65
